 Dungeon Crawl Stone Soup version 0.22-a0-283-g1871b15 (webtiles) character file.

101605 grindst0ne the Destroyer (level 16, -2/151 HPs)
             Began as a Kobold Conjurer on Mar 19, 2018.
             Was a High Priest of Sif Muna.
             Slain by a naga warrior
             ... wielding a +0 trident
              (13 damage)
             ... on level 2 of the Snake Pit.
             The game lasted 04:30:31 (40944 turns).

grindst0ne the Destroyer (Kobold Conjurer)         Turns: 40944, Time: 04:30:32

Health: -2/151     AC: 20    Str: 14    XL:     16   Next: 83%
Magic:  1/29       EV: 22    Int: 25    God:    Sif Muna [*****.]
Gold:   1458       SH:  0    Dex: 14    Spells: 6/33 levels left

rFire    . . .     SeeInvis .   r - +4 demon whip (elec)
rCold    + . .     Gourm    .   (shield restricted)
rNeg     + . .     Faith    .   S - +4 troll leather armour
rPois    +         Spirit   .   q - +2 helmet
rElec    +         Reflect  .   J - +2 cloak of Wuegutit {rN+ rCorr Dex-2}
rCorr    +         Harm     .   d - +2 pair of gloves {Str+3}
MR       +....                  L - +0 pair of boots
Stlth    ..........             (no amulet)
HPRegen  0.75/turn              K - ring of Golloa {rElec rC+ Int+3}
MPRegen  0.21/turn              v - ring of poison resistance

@: berserking, lethally poisoned (-2 -> -2), hasted and slowed, divine energy
A: small, carnivore
a: Stop Divine Energy, Channel Magic, Forget Spell, Renounce Religion


You were on level 2 of the Snake Pit.
You worshipped Sif Muna.
Sif Muna was extremely pleased with you.
You were very full.

You visited 5 branches of the dungeon, and saw 26 of its levels.
You also visited: Ice Cave.

You collected 3009 gold pieces.
You spent 1551 gold pieces at shops.

Inventory:

Hand Weapons
 r - a +4 demon whip of electrocution (weapon)
Missiles
 C - 11 tomahawks (quivered)
 O - a throwing net
Armour
 d - a +2 pair of gloves of strength (worn)
 q - a +2 helmet (worn)
 x - a +2 robe of magic resistance
 J - the +2 cloak of Wuegutit (worn) {rN+ rCorr Dex-2}
   (You bought it in a shop on level 2 of the Orcish Mines)

   It affects your dexterity (-2).
   It protects you from negative energy.
   It protects you from acid and corrosion.
 L - a +0 pair of boots (worn)
 S - a +4 troll leather armour (worn)
Jewellery
 n - an uncursed ring of wizardry
 v - a ring of poison resistance (right hand)
 B - an uncursed ring of magical power
 I - an uncursed ring of ice
 K - the ring of Golloa (left hand) {rElec rC+ Int+3}
   (You found it on level 3 of the Lair of Beasts)

   [ring of protection from cold]

   It affects your intelligence (+3).
   It protects you from cold.
   It insulates you from electricity.
 M - an uncursed ring of wizardry
 N - an uncursed ring of flight
Wands
 s - a wand of flame (67)
 y - a wand of paralysis (17)
 z - a wand of clouds (4)
 A - a wand of polymorph (38)
 E - a wand of enslavement (10)
Scrolls
 a - 4 scrolls of teleportation
 b - 6 scrolls of amnesia
 g - 2 scrolls of fog
 l - 17 scrolls of remove curse
 m - 4 scrolls of enchant armour
 H - 4 scrolls of magic mapping
 P - 7 scrolls of identify
Potions
 e - a potion of cancellation {unknown}
 i - 2 potions of haste
 j - 2 potions of mutation
 k - a potion of berserk rage
 o - 5 potions of flight
 t - 8 potions of curing
 u - 4 potions of ambrosia
 w - a potion of invisibility
 D - 3 potions of lignification
 F - 4 potions of agility
 G - 2 potions of magic
Miscellaneous
 f - a fan of gales (inert)
 Q - a phantom mirror
Comestibles
 c - 29 rations


   Skills:
 - Level 12.1 Fighting
 - Level 12.0 Maces & Flails
 - Level 7.0 Armour
 - Level 12.3 Dodging
 - Level 5.0 Stealth
 + Level 9.2 Spellcasting
 - Level 12.4 Conjurations
 - Level 7.0 Hexes
 + Level 5.3 Summonings
 - Level 5.0 Translocations
 - Level 4.0 Poison Magic
 - Level 2.1 Invocations
 - Level 6.0 Evocations


You had 6 spell levels left.
You knew the following spells:

 Your Spells              Type           Power        Failure   Level  Hunger
a - Dazzling Spray        Conj/Hex       ######       1%          3    None
b - Aura of Abjuration    Summ           #####.....   21%         5    ####...
c - Iskenderun's Mystic   Conj           ######..     1%          4    #......
d - Fulminant Prism       Conj/Hex       ######....   1%          4    #......
e - Blink                 Tloc           N/A          1%          2    None
g - Cause Fear            Hex            #####.....   3%          4    #......
h - Venom Bolt            Conj/Pois      ######....   6%          5    ####...


Dungeon Overview and Level Annotations

Branches:
Dungeon (15/15)            Temple (1/1) D:7            Lair (6/6) D:11
 Shoals (0/4) Lair:3        Snake (2/4) Lair:4        Slime (0/5) Lair:5
    Orc (2/2) D:12            Elf (0/3) Orc:2        Vaults (0/5) D:13
 Depths: D:15

Altars:
Ashenzari
Cheibriados
Dithmenos
Elyvilon
Fedhas
Gozag
Hepliaklqana
Kikubaaqudgha
Makhleb
Nemelex Xobeh
Okawaru
Qazlal
Ru
Sif Muna
Trog
Uskayaw
Vehumet
Wu Jian
Xom
Yredelemnul
Zin
The Shining One
Beogh
Jiyva

Shops:
D:4 [   D:5 %   D:7 =   D:8 }   D:9 :   D:13 [[!%   Orc:2 [%((

Annotations:
D:2 exclusion: downstairs
D:6 exclusion: downstairs
D:8 exclusion: downstairs
D:9 exclusion: 2 downstairs
D:10 exclusion: 2 downstairs
D:12 exclusion: 2 downstairs
Lair:5 exclusion: 2 downstairs


Innate Abilities, Weirdness & Mutations

You are small and have problems with some larger weapons.
You are carnivorous and can eat meat at any time.


Message History

The naga mage is moderately wounded.
The guardian serpent misses you. The naga warrior spits poison at you.
The splash of poison hits you!
You are poisoned.
You resist.
* * * LOW HITPOINT WARNING * * *
You whack the naga mage!
The naga mage is severely wounded.
You feel sick. The naga hits you but does no damage.
The naga mage hits you but does no damage.
The naga mage constricts you.
The guardian serpent casts a spell at you.
The bolt of poison hits you! You resist.
* * * LOW HITPOINT WARNING * * *
You whack the naga mage!
You kill the naga mage!
Sif Muna accepts your kill.
The naga warrior hits you with a trident!
You die...

#..#....##
#.N#..ยง...
#.......#
#..N..###
#......#
#.##...#
#.# ...#
##S##...#
#@N.# ..#
##)N.# ###
#....#
#....#
#.<..#
##...#
####...
...# ...#


You could see a naga warrior, a guardian serpent, a naga mage (wandering) and a
naga.

Vanquished Creatures
  Nikola (Snake:1)
  Asterion (Snake:1)
  A reaper (IceCv)
  Nessos (D:12)
  Azrael (Snake:1)
  An ettin (Orc:2)
  Josephine (Lair:5)
  A naga warrior (Snake:1)
  10 hydras
  Harold (D:12)
  2 centaur warriors (D:15)
  A vault guard (D:13)
  2 anacondas
  A death knight (D:15)
  2 ogre magi
  16 two-headed ogres
  3 death yaks
  Urug (D:10)
  2 shock serpents (Snake:1)
  2 deep trolls (Orc:2)
  An unseen horror (D:11)
  A wizard (D:14)
  Pikel (D:7)
  A deep elf mage (D:15)
  A mana viper (Snake:2)
  4 oklob plants (Lair:6)
  2 orc sorcerers (Orc:2)
  5 ugly things
  A wolf spider (D:15)
  5 cyclopes
  2 manticores
  Joseph (D:10)
  2 elephants
  A guardian serpent (Lair:6)
  11 black mambas
  2 gargoyles
  2 salamanders (Snake:1)
  2 ice statues (IceCv)
  5 naga magi
  16 spiny frogs
  4 centaur skeletons
  4 rime drakes
  4 freezing wraiths
  10 komodo dragons
  7 ice devils (IceCv)
  A rime drake (shapeshifter) (D:15)
  14 trolls
  2 polar bears
  5 hornets
  7 blink frogs (Lair:6)
  6 slime creatures
  A meliai zombie (D:11)
  10 hippogriffs
  2 redbacks (Lair:6)
  3 water elementals (D:15)
  37 yaks
  12 wyverns
  4 fire elementals (Snake:1)
  2 hogs (D:12)
  4 wraiths (Lair:5)
  4 basilisks
  2 hungry ghosts (D:10)
  11 nagas
  An acid dragon (D:13)
  A hell hound (Snake:1)
  19 water moccasins
  6 porcupines
  9 orc warriors
  2 sky beasts
  2 black bears
  2 ice beasts
  2 slaves (D:7)
  A necrophage (D:12)
  5 phantoms
  2 eyes of draining
  18 ogres
  10 centaurs
  22 wolves
  10 crocodiles
  A big kobold (D:14)
  17 bullfrogs
  A wyvern skeleton (D:11)
  4 scorpions
  2 electric eels (D:15)
  3 wights (D:6)
  6 crimson imps
  7 centaur zombies
  2 quasits
  2 bullfrog zombies
  3 jellies
  19 orc wizards
  15 orc priests
  3 hounds
  3 bullfrog skeletons
  4 iguanas
  Natasha (thrice) (D:3)
  9 worker ants
  A hound skeleton (D:9)
  14 adders
  10 gnolls
  A howler monkey skeleton (D:6)
  4 shadow imps
  6 white imps (IceCv)
  6 ufetubi (IceCv)
  2 oozes
  2 adder skeletons
  2 worms (D:3)
  A dart slug (D:2)
  4 leopard geckos
  50 orcs
  2 ball pythons
  3 giant cockroaches
  3 hobgoblins (D:3)
  5 jackals
  10 kobolds
  4 quokkas
  A ball python skeleton (D:4)
  4 bats
  3 frilled lizards
  14 goblins
  A leopard gecko skeleton (D:7)
  12 rats
  11 fulminant prisms
  3 fungi
  A plant (Lair:2)
669 creatures vanquished.

Vanquished Creatures (others)
  A wolf spider (Lair:6)
  A human (D:12)
  A hell hound (Snake:1)
  A porcupine (Lair:1)
  An orc warrior (Orc:2)
  3 white imps (IceCv)
  4 ufetubi (IceCv)
  An orc (Orc:2)
  A quokka (D:9)
  567 fulminant prisms
  15 fungi (Lair:6)
  17 plants (Lair:6)
613 creatures vanquished.

Grand Total: 1282 creatures vanquished

Notes
Turn   | Place    | Note
-------+----------+-------------------------------------------
     0 | D:1      | grindst0ne the Kobold Conjurer began the quest for the Orb.
     0 | D:1      | Reached XP level 1. HP: 10/10 MP: 3/3
   427 | D:1      | Reached XP level 2. HP: 15/15 MP: 3/5
   732 | D:1      | Reached XP level 3. HP: 19/19 MP: 0/6
   948 | D:2      | Found a shadowy altar of Dithmenos.
  1360 | D:2      | Learned a level 3 spell: Dazzling Spray
  1373 | D:2      | Reached XP level 4. HP: 24/24 MP: 5/8
  1920 | D:3      | Reached XP level 5. HP: 28/28 MP: 2/9
  2220 | D:3      | Learned a level 4 spell: Iskenderun's Mystic Blast
  2510 | D:3      | Reached skill level 5 in Stealth
  2567 | D:3      | Noticed Natasha
  2572 | D:3      | Killed Natasha
  2682 | D:3      | Noticed Natasha
  2687 | D:3      | Killed Natasha
  2687 | D:3      | Reached XP level 6. HP: 33/33 MP: 6/12
  2697 | D:3      | Learned a level 4 spell: Fulminant Prism
  2706 | D:3      | Noticed Natasha
  2711 | D:3      | Killed Natasha
  2711 | D:3      | Reached skill level 1 in Fighting
  2711 | D:3      | Reached skill level 5 in Conjurations
  2906 | D:4      | Reached skill level 1 in Hexes
  3385 | D:4      | Reached XP level 7. HP: 32/40 MP: 5/13
  4139 | D:4      | Found Porr's Antique Armour Shoppe.
  4203 | D:5      | Entered Level 5 of the Dungeon
  4387 | D:5      | Reached XP level 8. HP: 6/46 MP: 0/14
  5373 | D:5      | Found Nimareg's Food Emporium.
  6707 | D:6      | Reached skill level 5 in Fighting
  7104 | D:6      | Found a shimmering altar of Xom.
  7361 | D:7      | Reached XP level 9. HP: 54/54 MP: 8/15
  7727 | D:7      | Reached skill level 5 in Hexes
  8197 | D:7      | Reached skill level 5 in Spellcasting
  8436 | D:7      | Noticed Pikel
  8628 | D:7      | Killed Pikel
  8944 | D:7      | Found Ysazud's Jewellery Emporium.
  8952 | D:7      | Bought an uncursed ring of magical power for 280 gold pieces
  8959 | D:7      | Found a hazy altar of Hepliaklqana.
  9040 | D:7      | Found a hide-covered altar of Uskayaw.
  9041 | D:7      | Found a bloodstained altar of Trog.
  9143 | D:7      | Found a staircase to the Ecumenical Temple.
  9152 | Temple   | Entered the Ecumenical Temple
  9206 | Temple   | Became a worshipper of Sif Muna the Loreminder
  9500 | D:8      | Found a sacrificial altar of Ru.
  9507 | D:8      | Found a glowing golden altar of the Shining One.
  9510 | D:8      | Found a shimmering altar of Xom.
  9601 | D:8      | Found Agaiba Bustru's Gadget Shoppe.
  9673 | D:8      | Reached XP level 10. HP: 63/63 MP: 19/19
 10137 | D:9      | Learned a level 2 spell: Blink
 10141 | D:9      | Learned a level 3 spell: Mephitic Cloud
 10145 | D:9      | Learned a level 3 spell: Conjure Flame
 10202 | D:9      | Noticed a two-headed ogre
 10208 | D:9      | Killed a two-headed ogre
 10208 | D:9      | Reached skill level 5 in Dodging
 10798 | D:9      | Noticed a gargoyle
 11143 | D:9      | Found a white marble altar of Elyvilon.
 11359 | D:9      | Found Wesk's Book Shoppe.
 11578 | D:9      | Reached * piety under Sif Muna
 11582 | D:9      | Killed a gargoyle
 11672 | D:9      | Found an iron altar of Okawaru.
 11873 | D:10     | Entered Level 10 of the Dungeon
 11873 | D:10     | Noticed Urug
 11893 | D:10     | Killed Urug
 11893 | D:10     | Reached XP level 11. HP: 39/71 MP: 2/20
 11894 | D:10     | Noticed Joseph
 12195 | D:10     | Killed Joseph
 12324 | D:10     | Reached skill level 10 in Conjurations
 13074 | D:11     | Noticed an elephant
 13074 | D:11     | Noticed a two-headed ogre
 13217 | D:11     | Killed an unseen horror
 13217 | D:11     | Reached skill level 10 in Fighting
 13236 | D:11     | Noticed a two-headed ogre
 13430 | D:11     | Noticed a cyclops
 13836 | D:10     | Killed a two-headed ogre
 14094 | D:10     | Killed an elephant
 14350 | D:11     | Found a burning altar of Makhleb.
 14363 | D:11     | Reached ** piety under Sif Muna
 14600 | D:11     | Found a staircase to the Lair.
 14607 | D:11     | Noticed a cyan ugly thing
 14852 | D:11     | Killed a cyclops
 14852 | D:11     | Reached skill level 1 in Evocations
 14852 | D:11     | Reached XP level 12. HP: 79/79 MP: 19/21
 14941 | D:11     | Killed a two-headed ogre
 15451 | Lair:1   | Entered Level 1 of the Lair of Beasts
 15461 | Lair:1   | Reached skill level 10 in Dodging
 16062 | Lair:1   | Found a deep blue altar of Sif Muna.
 16092 | Lair:1   | Noticed an eight-headed hydra
 16115 | Lair:1   | Killed an eight-headed hydra
 16119 | Lair:1   | Reached skill level 5 in Evocations
 16839 | Lair:2   | Found a frozen archway.
 16872 | IceCv    | Entered an ice cave
 18340 | IceCv    | Reached skill level 1 in Invocations
 18453 | IceCv    | Reached XP level 13. HP: 45/86 MP: 0/23
 18629 | IceCv    | Noticed a reaper
 18644 | IceCv    | Killed a reaper
 18910 | IceCv    | Learned a level 5 spell: Venom Bolt
 19023 | Lair:2   | Reached skill level 1 in Maces & Flails
 19571 | D:4      | Bought a shiny helmet for 202 gold pieces
 19688 | D:7      | Bought an uncursed ring of poison resistance for 280 gold pieces
 20334 | Lair:3   | Noticed a seven-headed hydra
 20338 | Lair:3   | Killed a seven-headed hydra
 20340 | Lair:3   | Got a glittering wooden ring
 20634 | Lair:3   | Reached skill level 5 in Maces & Flails
 20742 | Lair:3   | Identified the ring of Golloa {rElec rC+ Int+3} (You found it on level 3 of the Lair of Beasts)
 21172 | Lair:3   | Found a staircase to the Shoals.
 21334 | Lair:3   | Learned a level 4 spell: Cause Fear
 21624 | Lair:4   | Noticed a seven-headed hydra
 21628 | Lair:4   | Killed a seven-headed hydra
 22581 | Lair:4   | Found a staircase to the Snake Pit.
 23113 | Lair:5   | Noticed a seven-headed hydra
 23130 | Lair:5   | Killed a seven-headed hydra
 23291 | Lair:5   | Found a staircase to the Slime Pits.
 23292 | Lair:5   | Found a viscous altar of Jiyva.
 23734 | Lair:5   | Noticed Josephine
 23739 | Lair:5   | Killed Josephine
 24313 | Lair:6   | Entered Level 6 of the Lair of Beasts
 24313 | Lair:6   | Noticed a four-headed hydra
 24466 | Lair:6   | Noticed an eight-headed hydra
 24639 | Lair:6   | Noticed a six-headed hydra
 24952 | Lair:3   | Got a smoking ring mail
 24963 | Lair:3   | Identified the cursed +0 ring mail of Freedom {rCorr Str+3} (You found it on level 3 of the Lair of Beasts)
 25091 | D:12     | Found a shimmering altar of Xom.
 25107 | D:12     | Reached XP level 14. HP: 92/92 MP: 14/24
 25528 | D:12     | Noticed Harold
 25537 | D:12     | Killed Harold
 25537 | D:12     | Reached skill level 10 in Maces & Flails
 25784 | D:12     | Noticed Nessos
 25797 | D:12     | Killed Nessos
 26387 | D:12     | Found a staircase to the Orcish Mines.
 27338 | D:13     | Found Nemupu Kewyi's Food Shoppe.
 27505 | D:13     | Found Soke's Distillery.
 27508 | D:13     | Bought a potion of curing for 51 gold pieces
 27508 | D:13     | Bought a potion of heal wounds for 85 gold pieces
 27508 | D:13     | Bought a potion of heal wounds for 85 gold pieces
 27508 | D:13     | Bought a potion of curing for 51 gold pieces
 28533 | D:13     | Found a gate to the Vaults.
 28659 | D:13     | Found Utroeruu's Antique Armour Boutique.
 28672 | D:13     | Found Ustrirgh's Armour Shop.
 29231 | D:14     | Found an opulent altar of Gozag.
 30156 | D:15     | Entered Level 15 of the Dungeon
 30161 | D:15     | Reached skill level 1 in Armour
 30220 | D:15     | Identified the +12 broad axe of the Land of Plenty {venom, +Inv MP+9 Dex-3 Stlth+} (You found it on level 15 of the Dungeon)
 30747 | D:15     | Reached XP level 15. HP: 96/96 MP: 6/27
 31933 | D:15     | Reached skill level 5 in Armour
 32167 | D:15     | Noticed an acid blob
 33633 | Lair:6   | Reached skill level 1 in Translocations
 33648 | Lair:6   | Reached *** piety under Sif Muna
 34455 | Lair:6   | Reached **** piety under Sif Muna
 34595 | Lair:6   | Reached skill level 1 in Poison Magic
 35269 | Lair:6   | HP: 4/96 [acid (14)]
 36940 | D:15     | Found a bloodstained altar of Trog.
 36952 | D:15     | Noticed a titan
 37043 | Orc:1    | Entered Level 1 of the Orcish Mines
 37205 | Orc:1    | Reached skill level 5 in Translocations
 37292 | Orc:1    | Found a roughly hewn altar of Beogh.
 37571 | Orc:2    | Entered Level 2 of the Orcish Mines
 37620 | Orc:2    | Found a staircase to the Elven Halls.
 37723 | Orc:2    | Reached XP level 16. HP: 87/101 MP: 6/28
 38055 | Orc:2    | Reached ***** piety under Sif Muna
 38103 | Orc:2    | Identified Sif Muna's Collected Works on Summoning (Sif Muna gifted it to you on level 2 of the Orcish Mines)
 38103 | Orc:2    | Received a gift from Sif Muna
 38201 | Orc:2    | Learned a level 5 spell: Aura of Abjuration
 38213 | Orc:2    | Found Dyogeahu's Weapon Emporium.
 38214 | Orc:2    | Found Emuudox's Food Emporium.
 38314 | Orc:2    | Found Raneygea's Armour Shop.
 38334 | Orc:2    | Found Adiunoet's Antique Weapon Shoppe.
 38337 | Orc:2    | Bought the +2 cloak of Wuegutit {rN+ rCorr Dex-2} for 352 gold pieces
 38814 | Orc:2    | Found a roughly hewn altar of Beogh.
 39189 | D:13     | Bought a pair of runed gloves for 165 gold pieces
 39358 | Snake:1  | Entered Level 1 of the Snake Pit
 39358 | Snake:1  | Noticed Nikola
 39378 | Snake:1  | Killed Nikola
 39381 | Snake:1  | Noticed Azrael
 39397 | Snake:1  | Killed Azrael
 39654 | Snake:1  | Noticed Asterion
 39671 | Snake:1  | Killed Asterion
 40760 | Snake:1  | Reached skill level 5 in Summonings
 40944 | Snake:2  | Slain by a naga warrior

Vault maps used:
D:1:      lightli_molten_gateway
D:2:      grunt_dithmenos_smoke
D:3:      kennysheep_generic_room_7, uniq_natasha
D:4:      first_ration, serial_shops, nicolae_shop_statue_plus,
          kennysheep_generic_room_13
D:5:      serial_shops, nicolae_shop_trees
D:6:      brannock_xom_greatest_gift
D:7:      lemuel_doored_altar, gammafunk_temple_overflow_statue, temple_hall,
          serial_shops, shop, uniq_pikel
D:8:      grunt_temple_overflow_diamond, serial_shops, shop
D:9:      elyvilon_altar_4, okawaru_altar_gauntlet_db, serial_shops,
          nicolae_shop_crystal
D:10:     uniq_urug, uniq_joseph
D:11:     david_lair_generic, basic_altar
D:12:     orc_0_dummy, basic_altar, grunt_livestock, uniq_harold, uniq_nessos
D:13:     david_vaults_5, serial_shops, kennysheep_mini_moat, shop, shop, shop
D:14:     nicolae_gozag_cash_rules_everything_around_me
D:15:     hangedman_depths_entry_try_elsewhere_first,
          lemuel_coloured_pillars_altar
Temple:   cyrus_circular_temple
Lair:1:   basic_altar
Lair:2:   enter_volcano_2, portal_ice_cave_entry_pillars_1, st_stairs_10,
          grunt_megastairs_4
Lair:3:   elwin_shoals_entry_rooms
Lair:4:   guppyfry_snake_entry_island, lemuel_fruit_fields, grunt_megastairs_5
Lair:5:   slime_altar_1, uniq_josephine
Lair:6:   hangedman_lair_tendril_chambers, minmay_lair_oklob_chamber
Snake:1:  nicolae_snake_serpentine_hallways, uniq_asterion, uniq_nikola,
          uniq_azrael
Snake:2:  gammafunk_sealed_library
Orc:1:    basic_altar
Orc:2:    st_orc_open, mines1_david
IceCv:    ice_cave_small_demon

Skill      XL: |  1  2  3  4  5  6  7  8  9 10 11 12 13 14 15 16 |
---------------+-------------------------------------------------+-----
Stealth        | 3 4 5 |  5.0
Spellcasting   | 3 4 6 7 8 9 |  9.2
Fighting       | 2 3 5 7 9 10 12 | 12.1
Conjurations   | 5 6 7 8 9 11 12 | 12.4
Hexes          | 2 3 4 5 7 |  7.0
Dodging        | 3 6 9 11 12 | 12.3
Evocations     | 1 6 |  6.0
Invocations    | 1 2 |  2.1
Maces & Flails | 9 12 | 12.0
Armour         | 4 7 |  7.0
Translocations | 5 |  5.0
Poison Magic   | 4 |  4.0
Summonings     | 5 |  5.3

Action                   |  1- 3 |  4- 6 |  7- 9 | 10-12 | 13-15 | 16-18 || total
-------------------------+-------+-------+-------+-------+-------+-------++-------
Melee: Unarmed           |     5 |       |       |       |       |       ||     5
       Short sword       |       |    22 |    20 |       |       |       ||    42
       Whip              |       |       |     9 |     8 |       |       ||    17
       Dagger            |       |       |       |    38 |       |       ||    38
       Demon whip        |       |       |       |       |   437 |   236 ||   673
Throw: Tomahawk          |       |       |       |       |    23 |     2 ||    25
       Throwing net      |       |       |       |       |     2 |       ||     2
 Cast: Magic Dart        |    57 |   100 |   215 |   250 |   216 |       ||   838
       Dazzling Spray    |       |    15 |    26 |    82 |   124 |    19 ||   266
       Iskenderun's Myst |       |     1 |       |       |    15 |       ||    16
       Fulminant Prism   |       |       |    29 |   176 |   315 |    62 ||   582
       Blink             |       |       |       |    14 |     5 |     2 ||    21
       Conjure Flame     |       |       |       |     2 |       |       ||     2
       Mephitic Cloud    |       |       |       |     1 |     1 |       ||     2
       Cause Fear        |       |       |       |       |     6 |     2 ||     8
       Venom Bolt        |       |       |       |       |     2 |     6 ||     8
       Aura of Abjuratio |       |       |       |       |       |     2 ||     2
Invok: Divine Energy     |       |       |       |     1 |       |       ||     1
Evoke: Wand              |       |       |     3 |    22 |    89 |     5 ||   119
       Fan of gales      |       |       |       |       |       |     1 ||     1
  Use: Potion            |       |     2 |     1 |     3 |     5 |     6 ||    17
       Scroll            |       |     6 |    10 |     9 |    25 |     3 ||    53
 Stab: Invisible         |       |       |     1 |     5 |    13 |     2 ||    21
       Sleeping          |       |       |     1 |     1 |       |     1 ||     3
       Paralysed         |       |       |       |     1 |       |     4 ||     5
       Distracted        |       |       |       |       |     1 |     1 ||     2
  Eat: Chunk             |    10 |     8 |    24 |    40 |    83 |    12 ||   177
       Ration            |       |       |     3 |     5 |     5 |       ||    13
Armor: Robe              |     1 |     4 |     5 |    45 |    52 |       ||   107
       Troll leather arm |       |       |       |       |    55 |    46 ||   101
Dodge: Dodged            |    14 |    48 |    71 |   382 |   540 |   180 ||  1235

Table legend:
 A = Spawn XP
 B = Non-spawn XP
 C = Spawn XP percentage of total XP
 D = Spawn monster count
 E = Non-spawn monster count
 F = Spawn count percentage of total count
 G = Total turns spent on level
                    A         B        C        D         E        F      G
               +---------+---------+-------+---------+---------+-------+---------
         Total |       0 |  145150 |   0.0 |       0 |     657 |   0.0 | 40944
               +---------+---------+-------+---------+---------+-------+---------
           D:1 |       0 |      29 |   0.0 |       0 |      15 |   0.0 |   808
           D:2 |       0 |      99 |   0.0 |       0 |      26 |   0.0 |  1376
           D:3 |       0 |     204 |   0.0 |       0 |      23 |   0.0 |   714
           D:4 |       0 |     582 |   0.0 |       0 |      16 |   0.0 |  1372
           D:5 |       0 |     404 |   0.0 |       0 |      11 |   0.0 |  1728
           D:6 |       0 |     791 |   0.0 |       0 |      13 |   0.0 |  2306
           D:7 |       0 |    1485 |   0.0 |       0 |      26 |   0.0 |  1134
           D:8 |       0 |     693 |   0.0 |       0 |      13 |   0.0 |  1025
           D:9 |       0 |    2826 |   0.0 |       0 |      35 |   0.0 |  2141
          D:10 |       0 |    4490 |   0.0 |       0 |      23 |   0.0 |  2150
          D:11 |       0 |    5624 |   0.0 |       0 |      22 |   0.0 |  1374
          D:12 |       0 |    8932 |   0.0 |       0 |      24 |   0.0 |  2609
          D:13 |       0 |    5988 |   0.0 |       0 |      24 |   0.0 |  1439
          D:14 |       0 |    5071 |   0.0 |       0 |      23 |   0.0 |  1589
          D:15 |       0 |   12328 |   0.0 |       0 |      31 |   0.0 |  2072
        Lair:1 |       0 |    4931 |   0.0 |       0 |      19 |   0.0 |  1415
        Lair:2 |       0 |    3354 |   0.0 |       0 |      21 |   0.0 |  1352
        Lair:3 |       0 |    4821 |   0.0 |       0 |      23 |   0.0 |  1445
        Lair:4 |       0 |    4383 |   0.0 |       0 |      15 |   0.0 |  1515
        Lair:5 |       0 |    8294 |   0.0 |       0 |      28 |   0.0 |  3145
        Lair:6 |       0 |   27601 |   0.0 |       0 |      85 |   0.0 |  2446
       Snake:1 |       0 |   17339 |   0.0 |       0 |      29 |   0.0 |  1552
       Snake:2 |       0 |    1968 |   0.0 |       0 |       3 |   0.0 |    34
         Orc:1 |       0 |    1413 |   0.0 |       0 |      22 |   0.0 |   785
         Orc:2 |       0 |   17383 |   0.0 |       0 |      65 |   0.0 |  1246
         IceCv |       0 |    4117 |   0.0 |       0 |      22 |   0.0 |  2110
               +---------+---------+-------+---------+---------+-------+---------
